 Dungeon Crawl Stone Soup version 0.23.2-30-g0e89c35649 (webtiles) character file.

Game seed: 15564332870697403195

221 Jukra the Cudgeler (level 5, -3/47 HPs)
             Began as a Minotaur Berserker on June 19, 2019.
             Was a Believer of Trog.
             Slain by an ice beast (12 damage)
             ... on level 4 of the Dungeon.
             The game lasted 00:13:09 (3127 turns).

Jukra the Cudgeler (Minotaur Berserker)             Turns: 3127, Time: 00:13:10

Health: -3/47      AC:  5    Str: 22    XL:     5   Next: 65%
Magic:  4/4        EV: 11    Int:  4    God:    Trog [**....]
Gold:   264        SH:  3    Dex: 10    Spells: 4/4 levels left

rFire    . . .     SeeInvis .   h - +2 spear (pierce)
rCold    . . .     Gourm    .   d - +0 buckler
rNeg     . . .     Faith    .   r - +0 ring mail
rPois    .         Spirit   .   (helmet restricted)
rElec    .         Reflect  .   (no cloak)
rCorr    .         Harm     .   (no gloves)
MR       .....                  (no boots)
Stlth    +.........             (no amulet)
HPRegen  0.15/turn              l - ring of wizardry
MPRegen  0.09/turn              (no ring)

@: no status effects
A: retaliatory headbutt, horns 2
a: Berserk, Trog's Hand, Renounce Religion


You were on level 4 of the Dungeon.
You worshipped Trog.
Trog was pleased with you.
You were hungry.

You visited 1 branch of the dungeon, and saw 4 of its levels.

You collected 264 gold pieces.

Inventory:

Hand Weapons
 a - a +0 mace
 c - a +0 vampiric long sword
 h - a +2 spear of piercing (weapon)
Armour
 d - a +0 buckler (worn)
 r - a +0 ring mail (worn)
Jewellery
 l - a ring of wizardry (left hand)
 s - an uncursed amulet of magic regeneration {unknown}
Scrolls
 b - 7 scrolls of identify
 e - 2 scrolls of teleportation {unknown}
 f - a scroll of noise {unknown}
 g - 2 scrolls of remove curse
 j - a scroll of blinking {unknown}
 n - a scroll of immolation {unknown}
 q - a scroll of enchant weapon {unknown}
Potions
 i - 2 potions of curing {unknown}
 k - a potion of agility {unknown}
 o - a potion of resistance {unknown}
 p - a potion of degeneration {unknown}
Comestibles
 m - 3 rations


   Skills:
 + Level 4.8 Fighting
 * Level 1.7 Long Blades
 - Level 5.0 Maces & Flails
 + Level 3.3 Armour
 + Level 3.2 Dodging
 - Level 0.6 Stealth
 * Level 1.9 Shields


You had 4 spell levels left.
You didn't know any spells.
Your spell library was empty.

Dungeon Overview and Level Annotations

Branches:
Dungeon (4/15)             Temple (0/1) D:4

Altars:


Innate Abilities, Weirdness & Mutations

You reflexively headbutt those who attack you in melee.
You have a pair of horns on your head.


Message History

You barely miss the ice beast. Your headbutt misses the ice beast.
The ice beast is severely wounded.
The ice beast misses you. The ice beast hits you. The ice beast freezes you.
You are too injured to fight recklessly!
You are too injured to fight recklessly!
You are too injured to fight recklessly!
You are too injured to fight recklessly!
You hit the ice beast.
The ice beast is severely wounded.
The ice beast hits you but does no damage.
You hit the ice beast but do no damage.
The ice beast is severely wounded.
The ice beast hits you. The ice beast freezes you!
* * * LOW HITPOINT WARNING * * *
You closely miss the ice beast.
The ice beast is severely wounded.
The ice beast hits you.
* * * LOW HITPOINT WARNING * * *
The ice beast freezes you!
You die...

....# #....# #.#
....# #....###.##
##########....##.#.##
...........#.##.###.#
........#......####.#
........##.#.#####.##
........##....#?#.##
....<...##....#Y#.#
........##....##@##
........##....#.##
........+....##.
........#...#.##
..............#
#######.......######
...................#
.######...####..##.#
.#....#...####..#


You could see an ice beast.

Vanquished Creatures
  An ogre (D:4)
  An orc wizard (D:2)
  4 adders
  2 worms
  3 leopard geckos
  5 orcs
  2 ball pythons (D:1)
  5 goblins
  7 hobgoblins
  4 jackals (D:4)
  7 kobolds
  2 quokkas
  8 bats
  3 frilled lizards
  A leopard gecko skeleton (D:4)
  A rat (D:3)
56 creatures vanquished.

Notes
Turn   | Place    | Note
-------+----------+-------------------------------------------
     0 | D:1      | Jukra the Minotaur Berserker began the quest for the Orb.
     0 | D:1      | Reached XP level 1. HP: 19/19 MP: 0/0
   303 | D:1      | Reached XP level 2. HP: 26/27 MP: 1/1
   331 | D:1      | Reached skill level 4 in Maces & Flails
   951 | D:2      | Reached XP level 3. HP: 33/33 MP: 2/2
  1132 | D:2      | Reached XP level 4. HP: 31/41 MP: 3/3
  2068 | D:3      | Reached skill level 5 in Maces & Flails
  2549 | D:4      | Found a staircase to the Ecumenical Temple.
  2549 | D:4      | Noticed an ogre
  2555 | D:4      | Killed an ogre
  2555 | D:4      | Reached ** piety under Trog
  2555 | D:4      | Reached skill level 1 in Long Blades
  2555 | D:4      | Reached skill level 1 in Shields
  2555 | D:4      | Reached XP level 5. HP: 45/47 MP: 4/4
  3120 | D:4      | Noticed an ice beast
  3127 | D:4      | Slain by an ice beast

Skill      XL: |  1  2  3  4 |
---------------+-------------+-----
Maces & Flails | 4 5 |  5.0
Fighting       | 4 |  4.8
Armour         | 3 |  3.3
Long Blades    | 1 |  1.7
Dodging        | 3 |  3.2
Shields        | 1 |  1.9
Stealth        | |  0.6

Action                   |  1- 3 |  4- 6 || total
-------------------------+-------+-------++-------
Melee: Mace              |    58 |    78 ||   136
       Headbutt          |     7 |    10 ||    17
       Spear             |       |    10 ||    10
  Use: Scroll            |       |     3 ||     3
       Potion            |       |     1 ||     1
 Stab: Sleeping          |     1 |     1 ||     2
  Eat: Chunk             |     1 |     2 ||     3
       Ration            |       |     1 ||     1
Armor: Leather armour    |    14 |    10 ||    24
       Ring mail         |       |    13 ||    13
Dodge: Dodged            |    43 |    58 ||   101
Block: Buckler           |       |     7 ||     7
